 Dungeon Crawl Stone Soup version 0.27-a0-1230-gfc7c993222 (webtiles) character file.

Game seed: 8262557812860669496

47 Delamore the Skirmisher (level 3, -5/24 HPs)
             Began as a Gargoyle Fighter on June 8, 2021.
             Was a Follower of Cheibriados.
             Slain by a gnoll
             ... wielding a +0 whip
              (7 damage)
             ... on level 2 of the Dungeon.
             The game lasted 00:01:20 (1558 turns).

Delamore the Skirmisher (Gargoyle Fighter)          Turns: 1558, Time: 00:01:20

Health: -5/24      AC: 10    Str: 23    XL:     3   Next: 70%
Magic:  3/3        EV:  7    Int: 11    God:    Cheibriados [*.....]
Gold:   12         SH:  9    Dex: 12    Spells: 2/2 levels left

rFire    . . .     SeeInvis .   a - +0 flail
rCold    . . .     Faith    .   c - +0 kite shield
rNeg     + . .     Spirit   .   b - +0 scale mail
rPois    ∞         Reflect  .   (no helmet)
rElec    +         Harm     .   (no cloak)
rCorr    .         Rampage  .   (no gloves)
Will     .....                  (no boots)
Stlth    ..........             (no amulet)
HPRegen  0.08/turn              (no ring)
MPRegen  0.08/turn              (no ring)

@: very slow
A: sickness immunity, AC +3, negative energy resistance 1, electricity
resistance, torment resistance 1, petrification resistance
a: Renounce Religion, Bend Time


You were on level 2 of the Dungeon.
You worshipped Cheibriados.
Cheibriados was aware of your devotion.
You visited 1 branch of the dungeon, and saw 2 of its levels.

You collected 12 gold pieces.

Inventory:

Hand Weapons
 a - a +0 flail (weapon)
Missiles
 h - a throwing net (quivered)
Armour
 b - a +0 scale mail (worn)
 c - a +0 kite shield (worn)
Jewellery
 e - an amulet of magic regeneration
Scrolls
 f - 2 scrolls of identify {unknown}
 g - a scroll of teleportation {unknown}
Potions
 d - a potion of might


   Skills:
 + Level 3.9 Fighting
 * Level 3.4 Maces & Flails
 - Level 3.2 Armour
 - Level 3.2 Shields


You had 2 spell levels left.
You didn't know any spells.
Your spell library was empty.

Dungeon Overview and Level Annotations

Branches:
Dungeon (2/15)

Altars:
Cheibriados


Innate Abilities, Weirdness & Mutations

You are immune to sickness and miasma.
Your stone body is resilient. (AC +3)
You are immune to poison.
You resist negative energy. (rN+)
You are resistant to electric shocks. (rElec)
You are resistant to unholy torment.
You are immune to petrification.


Message History

The gnoll hits you but does no damage. You block the hobgoblin's attack.
The hobgoblin hits you but does no damage.
You block the gnoll's attack. You block the hobgoblin's attack.
The gnoll hits you but does no damage.
A rat comes into view.
The hobgoblin hits you but does no damage.
You block the hobgoblin's attack.
The gnoll hits you from afar with a +0 spear.
The gnoll hits you but does no damage. The gnoll hits you with a +0 whip.
The hobgoblin barely misses you. You block the gnoll's attack.
The gnoll hits you but does no damage. The rat barely misses you.
The gnoll closely misses you.
The hobgoblin hits you but does no damage.
You block the rat's attack.
The hobgoblin hits you but does no damage.
The gnoll hits you from afar with a +0 spear.
You block the rat's attack. You block the hobgoblin's attack.
The gnoll hits you with a +0 whip.
* * * LOW HITPOINT WARNING * * *
The gnoll hits you but does no damage. The rat bites you but does no damage.
The gnoll hits you but does no damage. The gnoll hits you with a +0 whip.
* * * LOW HITPOINT WARNING * * *
You block the gnoll's attack. The gnoll barely misses you.
You block the gnoll's attack.
There is a stone staircase leading down here.
The gnoll hits you with a +0 whip.
* * * LOW HITPOINT WARNING * * *
You climb downwards.
A kobold comes into view. It is wielding a +0 short sword.
The kobold shouts!
Found a scroll labelled JISCHU QEARGH.
There is a stone staircase leading up here.
Okay, then.
The gnoll hits you with a +0 whip!
You die...

######.### #....##.....
.........†####....g.g#...
................<.###....
.............†#.w........
..........###..........#.
#######.### ####..##.#...
###.# ###........###.
##...##....w....### .
#....@<......####
#......g......#
#.............#
#...K.........#
##.....?.....##
##...##...### #### ..##
...


You could see a gnoll, a dart slug and a kobold.

Vanquished Creatures
  An adder (D:2)
  2 dart slugs (D:1)
  3 ball pythons
  2 endoplasms (D:1)
  A giant cockroach (D:2)
  2 goblins (D:1)
  2 hobgoblins (D:1)
  11 jackals (D:1)
  2 bats (D:1)
  A frilled lizard (D:1)
  A kobold (D:1)
  A rat (D:1)
29 creatures vanquished.

Notes
Turn   | Place    | Note
-------+----------+-------------------------------------------
     0 | D:1      | Delamore the Gargoyle Fighter began the quest for the Orb.
     0 | D:1      | Reached XP level 1. HP: 14/14 MP: 1/1
   193 | D:1      | Reached XP level 2. HP: 6/19 MP: 2/2
   635 | D:1      | Found a faded altar of an unknown god.
   796 | D:1      | Became a worshipper of Cheibriados the Contemplative
   796 | D:1      | Reached * piety under Cheibriados
   959 | D:1      | Reached XP level 3. HP: 24/24 MP: 3/3
  1558 | D:2      | Slain by a gnoll

Illustrated notes

Levels and vault maps discovered:
D:1:      shiori_shiawase, layout_basic, ebering_ecumenical_altar_sacrificial,
          moated_statue, kennysheep_doodads
D:2:      layout_rooms, basic_altar, uniq_robin, uniq_natasha

Skill      XL: |  1  2 |
---------------+-------+-----
Maces & Flails | 3 |  3.4
Fighting       | |  3.9
Armour         | |  3.2
Shields        | |  3.2

Action                   || total
-------------------------++-------
Melee: Flail             ||   132
Armor: Scale mail        ||   138
Dodge: Dodged            ||    96
Block: Kite shield       ||   127

Table legend: (Time is in decaauts)
 A = Elapsed time spent in this place.
 B = Non-inter-level travel time spent in this place.
 C = Inter-level travel time spent in this place.
 D = Time resting spent in this place.
 E = Time spent auto-exploring this place.
 F = Levels seen in this place.
 G = Mean time per level.
                   A        B        C        D        E       F      G
               +--------+--------+--------+--------+--------+-----+--------+
         Total |   1840 |   1815 |     25 |     95 |   1359 |   2 |  920.0 |
       Dungeon |   1840 |   1815 |     25 |     95 |   1359 |   2 |  920.0 |
               +--------+--------+--------+--------+--------+-----+--------+

Top non-repeatable levels by time:
     D:1: 1696 daAuts
     D:2: 144 daAuts
